 BcadrenCrawl: Boulder Brew version 0.05.4-47-g4e6e437f84 (webtiles) character file.

Game seed: 9754344901354400009, levelgen mode: deterministic

9 diana the Caller (level 2, 0/3 HPs) Fairy Summoner. Began on Apr 3, 2022. Slain by a cinder newt (1 damage) ... on level 1 of the Dungeon. The game lasted 00:01:09 (237 turns).

diana the Caller (Fairy Summoner)                    Turns: 237, Time: 00:01:10

Health: 0/3        AC:  0    Str:  2    XL:     2 ^: 27
Magic:  3/3        EV: 25    Int: 17    God:
Gold:   28         SH:  0    Dex: 17    Spells: 4/6 levels left

rFire    . . .     Vision   .   (no jewelry)
rCold    . . .     Gourm    .
rNeg     . . .     Faith    .
rCorr    . . .     Spirit   .
rPois    .         Reflect  .
rElec    .         Harm     .
MR       .....
Stlth    +.........
HPRegen  0.11/turn
MPRegen  0.13/turn

@: glowing, slow
A: tiny, no armour or weapons, only one jewelry slot, no melee attacks, fairy
magic, fairy shield, decreased potion and divine healing, unfitting armour,
flight, slowness 1, fairy light 1, insubstantial
a: Fly


You were on level 1 of the Dungeon.
You were not hungry.

You visited 1 branch of the dungeon, and saw 1 of its levels.

You collected 28 gold pieces.

Inventory:

Scrolls
 a - a scroll of teleportation
 c - a scroll of fog
Potions
 d - a potion of beneficial mutation
 e - 2 potions of brilliance
Comestibles
 b - 3 rations


   Skills:
 + Level 3.0 Dodging
 - Level 1.4 Stealth
 + Level 2.6 Spellcasting
 + Level 4.1 Summonings
 + Level 1.5 Fire Magic


You had 4 spell levels left.
You knew the following spells:

 Your Spells              Type           Power        Failure   Level  Hunger
a - Summon Small Mammal Summ 16 (25) 3% 1 0-15 b - Foxfire Fire           7 (25)       10%         1    0-15

Your spell library contained the following spells:

 Spells                   Type           Power        Failure   Level  Hunger
 Call Imp Summ 16 (100) 4% 2 35-75 Call Canine Familiar Summ 16 (100) 10% 3 75-135 Summon Ice Beast Ice/Summ 9 (100) 61% 4 155-255 Summon Lightning Spire Summ/Air       9 (100)      91%         5    275-435


Dungeon Overview and Level Annotations

Branches:
Dungeon (1/8)

Altars:


Innate Abilities, Weirdness & Mutations

You are too small to use any gear.
You can wear a single ring or amulet completely around your body.
You are incapable of melee of any kind.
Your magic reserves are extremely low but spells that normally cost one mana are free and all other spells cost one mana.
You are extremely frail but all attacks that strike you do exactly one damage.
The effect of potions and godly healing effects is reduced to match your tiny health and magic reserves.
You are able to fly continuously.
You cover ground slowly.
You exude a bright light in a small radius around yourself.
Your insubstantial form boosts your evasion and grants immunity to sticky flames, nets and constriction.


Message History

You don't know that spell.
Casting: Foxfire (safe; 10% risk of failure)
Confirm with . or Enter, or press ? or * to list all spells.
You conjure some foxfire!
The foxfire hits the cinder newt (1).
The cinder newt resists.
The cinder newt is moderately wounded. (9/14) HP
Casting: Foxfire (safe; 10% risk of failure)
Confirm with . or Enter, or press ? or * to list all spells.
You conjure some foxfire!
The cinder newt misses you (0).
Casting: Foxfire (safe; 10% risk of failure)
Confirm with . or Enter, or press ? or * to list all spells.
Nothing appears to happen.
Your foxfire dissipates!
The foxfire hits the cinder newt (1).
The cinder newt resists.
The cinder newt is heavily wounded. (8/14) HP The cinder newt bites you (1).
The cinder newt burns you (3).
Casting: Foxfire (safe; 10% risk of failure)
Confirm with . or Enter, or press ? or * to list all spells.
The cinder newt bites you (1).
You die...

####.........
#.......... ##
#.≈≈≈..≈>≈. ..
...>≈..≈.≈.
####.≈≈......$
#..#...#...#
#.....####
###..###### ######
.#...##...####r*@.#
....###......[§##l#
..........###### g#
......†...# ..
.#..##....# ...
.#..#.....# ....
......#...# .....
.######...# .....#
## #...#


You could see a cinder newt, a hobgoblin and a friendly rat.

Vanquished Creatures
  A leopard gecko (D:1)
  A hobgoblin (D:1)
  2 rats (D:1)
4 creatures vanquished.

Vanquished Creatures (collateral kills)
  A cinder newt (D:1)
  A dart slug (D:1)
2 creatures vanquished.

Vanquished Creatures (others)
  28 foxfires (D:1)
28 creatures vanquished.

Grand Total: 34 creatures vanquished

Notes
Turn   | Place    | Note
-------+----------+-------------------------------------------
     0 | D:1      | diana the Fairy Summoner began the quest for the Orb.
     0 | D:1      | Reached XP level 1. HP: 3/3 MP: 3/3
   177 | D:1      | Reached XP level 2. HP: 3/3 MP: 3/3
   237 | D:1      | Slain by a cinder newt

Levels and vault maps discovered:
D:1:      minmay_arrival_stair_chambers, layout_rooms

Skill      XL: |  1 |
---------------+----+-----
Dodging        | 3 |  3.0
Stealth        | |  1.4
Spellcasting   | |  2.6
Summonings     | |  4.1
Fire Magic     | |  1.5

Action                   || total
-------------------------++-------
 Cast: Foxfire           ||    27
       Summon Small Mamm ||    12
Dodge: Dodged            ||     6
